Unix NetHack Version 5.0.0-0 post-release - last build May  4 2026 22:22:43 (774f63e81ad911689b3a0859ea89b322d5daca8d,branch:main).

Game began 2026-05-04 15:09:12, ended 2026-05-05 23:25:35.

Havs, lawful male human Knight

  -------
  |.......                                 ----##############`
  |.......                                |...|#     --------.------
  -|---.--                                ....|#     |.............|
   #   `####     #                        |..<|######............^.|
   ###     `#    #                        |....#     |.............|
     ##     #### #                        |...|#     |.............|
     ####      ##`####################### -----#     --------.------
  ------.--     #`                #     ########          ####
  |....Z..|    #`        ##########          ###     ####%#  #
  |....`...#####         #                   #-------|--     ###
  |.......|#             #                   #|oo.hh...|       #
  |.......|####      ----.--                 #|...ooo.o.      -|----
  |.......|   ###    |.>...|                 #|GhhGGo..|      |....|
  ---------     #####|.....|                 #|@kGhGkGo+      |....|
                    #......|                 #.@kGGo.oo|      |....|
                     |.....|                  ----------      |....|
                     |.....|                                  |....|
                     -------                                  ------

Havs the Sergeant        St:15 Dx:14 Co:17 In:8 Wi:17 Ch:18  Lawful
Dlvl:10 $:1861 HP:0(87) Pw:105(105) AC:-1 Xp:10 T:21023  Burdened

Latest messages:
 The dart misses the kobold shaman.
 The dart misses the bugbear.
 A dart misses you.
 The bugbear hits!
 The Elvenking picks up an elven arrow.
 The hobgoblin wields a scimitar!
 The bugbear hits!
 The Elvenking thrusts his elven short sword.
 The Elvenking hits!
 The Elvenking thrusts his elven short sword.
 The Elvenking hits again!
 You kill the bugbear!
 The hobgoblin picks up an orcish dagger.
 The gnomish wizard casts a spell!
 The gnomish wizard is suddenly moving faster.
 The gnomish wizard casts a spell!
 The gnomish wizard is suddenly moving faster.
 The air crackles around the kobold shaman.
 The Elvenking thrusts his elven short sword.
 The Elvenking hits!
 The Elvenking thrusts his elven short sword.
 The Elvenking hits again!
 You hit the Elvenking!
 The hobgoblin throws an orcish dagger!
 The orcish dagger misses the hobgoblin.
 The orcish dagger hits the gnome.
 The hobgoblin picks up an orcish dagger.
 The kobold shaman points at you, then curses.
 The Elvenking thrusts his elven short sword.
 The Elvenking hits!
 The Elvenking thrusts his elven short sword.
 The Elvenking hits again!
 You hit the Elvenking!
 The gnome opens a door.
 The gnome lady throws 2 darts!
 The 1st dart misses the kobold shaman.
 The 1st dart misses you.
 The 2nd dart hits the kobold shaman.
 The kobold shaman points all around, then curses.
 The Elvenking thrusts his elven short sword.
 The Elvenking just misses!
 The Elvenking thrusts his elven short sword.
 The Elvenking misses!
 The hobgoblin throws an orcish dagger!
 The orcish dagger misses the gnome.
 The orcish dagger hits the gnome lady.
 The Elvenking thrusts his elven short sword.
 The Elvenking hits!
 You die...
 Do you want your possessions identified? [ynq] (y) q

Inventory:
 Coins    ('$')
  $ - 1861 gold pieces
 Amulets  ('"')
  o - an uncursed amulet of reflection (being worn)
 Weapons  (')')
  a - the blessed rustproof +3 Excalibur (weapon in right hand)
  V - a blessed +1 silver saber (alternate weapon; not wielded)
 Armor    ('[')
  d - an uncursed +0 helmet (being worn)
  f - an uncursed +2 pair of leather gloves (being worn)
  F - an uncursed fireproof +3 pair of elven boots
  R - an uncursed +0 cloak of invisibility
  j - a blessed +4 studded leather armor (being worn)
 Comestibles  ('%')
  W - 3 uncursed apples
  E - 2 uncursed food rations
  y - an uncursed lizard corpse
 Scrolls  ('?')
  s - an uncursed scroll of amnesia
  B - an uncursed scroll of blank paper
  z - an uncursed scroll of fire
  w - an uncursed scroll of genocide
  C - an uncursed scroll of magic mapping
  G - an uncursed scroll of teleportation
 Potions  ('!')
  p - a blessed potion of hallucination
  r - an uncursed potion of sickness
  S - an uncursed potion of sleeping
 Rings    ('=')
  P - an uncursed ring of conflict
  X - an uncursed +3 ring of gain strength
  K - a blessed +2 ring of increase accuracy (on left hand)
  Y - an uncursed ring of regeneration
  i - an uncursed ring of slow digestion
 Wands    ('/')
  x - a wand of digging (0:2)
  T - a wand of lightning (0:5)
  c - a wand of magic missile (0:2)
  b - a wand of make invisible (0:4)
  A - a wand of secret door detection (0:12)
  e - a wand of slow monster (0:5)
  H - a wand of stasis (0:4)
  v - a wand of teleportation (0:2)
 Tools    ('(')
  h - an uncursed sack containing 12 items
  q - a fire horn (0:3)
  l - an uncursed magic lamp (lit)
  k - an uncursed skeleton key
  t - an uncursed towel
  u - a blessed +0 unicorn horn
 Gems/Stones  ('*')
  D - an uncursed luckstone

Contents of the sack:
  7 uncursed carrots
  an uncursed food ration
  an uncursed lizard corpse
  3 uncursed scrolls of blank paper
  2 cursed scrolls of blank paper
  an uncursed scroll of earth
  2 uncursed scrolls of teleportation
  a cursed scroll of teleportation
  an uncursed spellbook of knock
  6 potions of holy water
  4 uncursed potions of water
  a magic marker (0:28)

Havs the Knight's attributes:

Background:
 You were a Sergeant, a level 10 male human Knight.
 You were lawful, on a mission for Lugh
 who was opposed by Brigit (neutral) and Manannan Mac Lir (chaotic).
 You were right-handed.
 You were in the Dungeons of Doom, on level 10.
 You entered the dungeon 21023 turns ago.
 It was nighttime.
 You had 5890 experience points, 4110 more were needed to attain level 11.

Basics:
 You had 0 out of 87 hit points.
 You had all 105 energy points (spell power).
 Your armor class was -1.
 Your wallet contained 1861 zorkmids.
 Autopickup was off.

Final Characteristics:
 Your strength was 15 (limit:18/100).
 Your dexterity was 14 (limit:18).
 Your constitution was 17 (limit:18).
 Your intelligence was 8 (limit:18).
 Your wisdom was 17 (limit:18).
 Your charisma was 18 (limit:18).

Final Status:
 You weren't hungry.
 You were burdened; movement was slightly slowed.
 You were wielding a long sword.
 You had expert skill with long sword.

Final Attributes:
 You were piously aligned.
 You were level-drain resistant.
 You were telepathic.
 You had automatic searching.
 You could jump.
 You had a small bonus to hit (+2).
 You were warded.
 You were fast.
 You had reflection.
 You were lucky.
 You had extra luck.
 Bad luck did not time out for you.
 Good luck did not time out for you.
 Lugh was angry with you.
 You are dead.

Miscellaneous:
 You encountered 1 bones level.
 Total elapsed playing time was 14 hours, 31 minutes and 18 seconds.

Major events:
 Turn
    1: Havs the lawful male human Knight entered the dungeon
 1584: attained the rank of Esquire (level 3)
 3105: read a Discworld novel
 4479: was bestowed with Ogresmasher by Lugh
 4844: attained the rank of Bachelor (level 6)
 5160: was given Excalibur by the Lady of the Lake
 5501: was bestowed with Demonbane by Lugh
 6267: entered the Gnomish Mines
 7068: reached Mine Town
 9836: entered Sokoban
10125: completed 1st Sokoban level
10486: completed 2nd Sokoban level
10816: completed 3rd Sokoban level
13025: completed 4th Sokoban level
13141: acquired the Sokoban amulet of reflection
14132: attained the rank of Sergeant (level 10)
16584: acquired the Mines' End luckstone
21023: killed by an Elvenking

Spells:
 Name                 Level Category     Fail Retention
 fireball               4   attack       100%   26%-50%
 drain life             2   attack        63%    (gone)

Skills:
 Fighting Skills
   bare handed combat [Unskilled]
   two weapon combat  [Unskilled]
   riding             [Basic]
 Weapon Skills
   dagger             [Unskilled]
   knife              [Unskilled]
   axe                [Unskilled]
   pick-axe           [Unskilled]
   short sword        [Unskilled]
   broadsword         [Unskilled]
   long sword         [Expert]
   two-handed sword   [Unskilled]
   saber              [Unskilled]
   club               [Unskilled]
   mace               [Unskilled]
   morning star       [Unskilled]
   flail              [Unskilled]
   hammer             [Unskilled]
   polearms           [Unskilled]
   spear              [Unskilled]
   trident            [Unskilled]
   lance              [Basic]
   bow                [Unskilled]
   crossbow           [Unskilled]
 Spellcasting Skills
   attack spells      [Unskilled]
   healing spells     [Unskilled]
   clerical spells    [Unskilled]

Voluntary challenges:
 Character rerolling was not enabled.
 You never genocided any monsters.
 You never polymorphed an object.
 You never changed form.
 You used no wishes.
 You violated the special Sokoban rules thrice.
Achievements:
 You entered a shop.
 You attained the rank of Esquire.
 You read from a Discworld novel.
 You attained the rank of Bachelor.
 You entered the Gnomish Mines.
 You entered Minetown.
 You entered a temple.
 You entered Sokoban.
 You completed Sokoban.
 You attained the rank of Sergeant.
 You completed the Gnomish Mines.

 The Dungeons of Doom: levels 1 to 10
    Level 1:
       A sink.
    Level 2:
       A general store, a grave.
       Stairs down to The Gnomish Mines.
    Level 3:
       A scroll shop.
    Level 4:
       A general store, an altar to Lugh.
    Level 5:
       A general store.
    Level 6:
       Oracle of Delphi.
    Level 7:
       Stairs up to Sokoban, level 6.
    Level 8:
       An armor shop, a fountain, a grave.
       Final resting place for
          merpish-Val-Hum-Fem-Law, killed by a yeti.
    Level 9:
       Some fountains.
    Level 10: <- You were here.
       A throne.
       Final resting place for
          you, killed by an Elvenking.
 The Gnomish Mines: levels 3 to 10
    Level 3:
    Level 4:
    Level 5:
       Many shops, a temple and an altar to Lugh, many fountains.
    Level 6:
    Level 7:
    Level 8:
    Level 9:
    Level 10:
       Some fountains.
 Sokoban: levels 6 up to 3
    Level 3:
       Solved.
    Level 4:
       Solved.
    Level 5:
       Solved.
    Level 6:
       Solved.


Vanquished creatures:
  a vampire leader
  a vampire
  a ghost
  3 giant mimics
  a large mimic
  a wumpus
  a stalker
  2 small mimics
  a warhorse
 an ettin mummy
  2 ogre leaders
  a quantum mechanic
  a gelatinous cube
  2 freezing spheres
  a flaming sphere
  a shocking sphere
  a large cat
  a gargoyle
  2 ochre jellies
  a mountain centaur
  3 human mummies
 an ettin zombie
  a leather golem
  a Grey-elf
  a watchman
  3 chameleons
  2 giant beetles
  a quivering blob
  2 cockatrices
  6 wolves
  2 winter wolf cubs
  a lynx
  a gremlin
  a spotted jelly
  6 leprechauns
  3 horses
  2 black lights
  2 forest centaurs
  4 orc mummies
  a dwarf mummy
  3 owlbears
  3 yetis
  2 werewolves
  4 lizards
  a chickatrice
  2 dingoes
  2 housecats
  a jaguar
  a blue jelly
  a gray unicorn
  a dust vortex
  5 ravens
  5 gnome mummies
  2 snakes
  8 apes
  2 human zombies
 10 Woodland-elves
  a fire ant
  2 bugbears
 an imp
  2 quasits
  2 wood nymphs
  2 water nymphs
  2 mountain nymphs
  7 Mordor orcs
  7 Uruk-hai
  2 orc shamans
  7 rock piercers
  4 rock moles
  4 ponies
  3 fog clouds
  4 yellow lights
  4 shriekers
  4 violet fungi
 16 gnome leaders
  6 gnomish wizards
  4 kobold mummies
  a gray ooze
  3 elf zombies
  4 ghouls
  a straw golem
  6 giant ants
  a little dog
  8 floating eyes
  a kitten
 10 dwarves
  5 homunculi
  2 kobold leaders
  3 kobold shamans
  5 hill orcs
 14 rothes
  a rabid rat
  a centipede
  a giant bat
  3 monkeys
  3 orc zombies
  a wererat
  a werejackal
 12 iguanas
  3 killer bees
  6 acid blobs
 13 coyotes
  6 gas spores
  2 hobbits
  8 manes
  5 hobgoblins
  7 giant rats
 14 cave spiders
  3 brown molds
  2 yellow molds
  4 green molds
  a red mold
 64 gnomes
 14 garter snakes
  5 gnome zombies
 10 geckos
 16 jackals
  2 foxes
  a kobold
  4 goblins
  a sewer rat
  9 grid bugs
  5 bats
  8 lichens
  3 kobold zombies
 19 newts
529 creatures vanquished.

No species were genocided or became extinct.

Game over:
                       ----------
                      /          \
                     /    REST    \
                    /      IN      \
                   /     PEACE      \
                  /                  \
                  |       Havs       |
                  |     1861 Au      |
                  |   killed by an   |
                  |    Elvenking     |
                  |                  |
                  |                  |
                  |       2026       |
                 *|     *  *  *      | *
        _________)/\\_//(\/(/\)/\//\/|_)_______

Fare thee well Havs the Knight...

You died in The Dungeons of Doom on dungeon level 10 with 38975 points,
and 1861 pieces of gold, after 21023 moves.
You were level 10 with a maximum of 87 hit points when you died.

